 Dungeon Crawl Stone Soup version 0.25-a0-578-gc91f01c (webtiles) character file.

Game seed: 470393241692485325, levelgen mode: deterministic

62 15 the Firebug (level 4, -4/32 HPs)
             Began as a Barachi Fire Elementalist on Mar 3, 2020.
             Slain by a hobgoblin
             ... wielding a +0 halberd
              (11 damage)
             ... on level 2 of the Dungeon.
             The game lasted 00:05:46 (1466 turns).

15 the Firebug (Barachi Fire Elementalist)          Turns: 1466, Time: 00:05:47

Health: -4/32      AC:  2    Str: 11    XL:     4   Next: 8%
Magic:  0/8        EV: 13    Int: 15    God:
Gold:   0          SH:  0    Dex: 12    Spells: 5/9 levels left

rFire    . . .     SeeInvis .   b - -2 dagger (curse)
rCold    . . .     Gourm    .   (no shield)
rNeg     . . .     Faith    .   a - +0 robe
rPois    .         Spirit   .   (no helmet)
rElec    .         Reflect  .   (no cloak)
rCorr    .         Harm     .   (no gloves)
MR       .....                  (no boots)
Stlth    ++........             (no amulet)
HPRegen  0.10/turn              (no ring)
MPRegen  0.11/turn              (no ring)

@: slow
A: +LOS, swims, slowness 1, strong legs 1
a: Hop


You were on level 2 of the Dungeon.
You were not hungry.

You visited 1 branch of the dungeon, and saw 2 of its levels.

Inventory:

Hand Weapons
 b - a cursed -2 dagger (weapon)
 e - a +0 club
 g - a +0 short sword
Armour
 a - a +0 robe (worn)
Scrolls
 h - a scroll of remove curse {unknown}
Comestibles
 c - 4 rations
 d - 6 chunks of flesh


   Skills:
 * Level 1.0 Fighting
 + Level 0.1 Short Blades
 * Level 0.4 Armour
 * Level 2.7 Dodging
 + Level 2.0 Stealth
 + Level 0.4 Unarmed Combat
 * Level 3.0 Spellcasting
 * Level 1.3 Conjurations
 + Level 3.8 Fire Magic


You had 5 spell levels left.
You knew the following spells:

 Your Spells              Type           Power        Failure   Level  Hunger
a - Foxfire               Conj/Fire      ##..         7%          1    #......
b - Conjure Flame         Conj/Fire      ##......     21%         3    ###....

Your spell library contained the following spells:

 Spells                   Type           Power        Failure   Level  Hunger
 Inner Flame              Hex/Fire       #.......     26%         3    ###....
 Sticky Flame             Conj/Fire      ##......     56%         4    #####..
 Fireball                 Conj/Fire      ##........   88%         5    ######.


Dungeon Overview and Level Annotations

Branches:
Dungeon (2/15)

Altars:


Innate Abilities, Weirdness & Mutations

You can be seen from farther away. (+LOS)
You can swim through water.
You cover ground slowly.
You can hop short distances.


Message History

The ooze is moderately wounded.
The hobgoblin completely misses you. The ooze misses you.
Some of the chunks of flesh in your inventory have rotted away.
Casting: Foxfire (safe; 7% risk of failure)
Confirm with . or Enter, or press ? or * to list all spells.
You conjure some foxfire!
You are ready to hop once more.
The hobgoblin closely misses you. The ooze closely misses you.
The foxfire hits the ooze.
The ooze is moderately wounded.
The foxfire hits the ooze but does no damage.
The ooze is moderately wounded.
The hobgoblin barely misses you. The hobgoblin barely misses you.
Casting: Foxfire (safe; 7% risk of failure)
Confirm with . or Enter, or press ? or * to list all spells.
You conjure some foxfire!
The ooze hits you.
* * * LOW HITPOINT WARNING * * *
The hobgoblin hits you from afar with a +0 halberd!
You die...

#....#
##############..#.#
#.J..S.J.g......#.#
#.###########÷....# #.#
#÷÷...## #.# #.$$...#
#####.# ##..)##....#
#.....# #####v.##w# ...#
#.##########...J@## ..#
..# ...........+...v##
[.).# .#
#†##########..g.#...#...#
# #.##########.....# ..##
.................# .##
..##############..# ###
...# ..... ......


You could see an ooze and a hobgoblin.

Vanquished Creatures
  2 adders (D:2)
  A worm (D:2)
  3 dart slugs (D:1)
  A leopard gecko (D:2)
  A giant cockroach (D:1)
  2 goblins (D:1)
  5 hobgoblins
  3 jackals (D:1)
  4 bats
  A frilled lizard (D:2)
  7 kobolds
  7 rats
37 creatures vanquished.

Vanquished Creatures (others)
  91 foxfires
91 creatures vanquished.

Grand Total: 128 creatures vanquished

Notes
Turn   | Place    | Note
-------+----------+-------------------------------------------
     0 | D:1      | 15 the Barachi Fire Elementalist began the quest for the
                  | Orb.
     0 | D:1      | Reached XP level 1. HP: 13/13 MP: 3/3
   378 | D:1      | Reached XP level 2. HP: 20/20 MP: 1/5
   990 | D:1      | Reached XP level 3. HP: 25/25 MP: 3/6
  1391 | D:2      | Reached skill level 1 in Fighting
  1396 | D:2      | Learned a level 3 spell: Conjure Flame
  1446 | D:2      | HP: 1/26 [hobgoblin/+0 halberd (11)]
  1447 | D:2      | Reached XP level 4. HP: 2/32 MP: 0/8
  1466 | D:2      | Slain by a hobgoblin

Levels and vault maps discovered:
D:1:      wander_arrival_lonely_grave, layout_loops_corners
D:2:      layout_basic, first_ration, minmay_heptomino_w4

Skill      XL: |  1  2  3 |
---------------+----------+-----
Stealth        | 2 |  2.0
Fighting       | 1 |  1.0
Spellcasting   | 3 |  3.0
Short Blades   | |  0.1
Armour         | |  0.4
Dodging        | |  2.7
Unarmed Combat | |  0.4
Conjurations   | |  1.3
Fire Magic     | |  3.8

Action                   |  1- 3 |  4- 6 || total
-------------------------+-------+-------++-------
Melee: Unarmed           |    12 |       ||    12
       Dagger            |    35 |       ||    35
       Club              |     8 |       ||     8
 Cast: Foxfire           |    64 |     3 ||    67
 Abil: Hop               |     1 |       ||     1
  Use: Scroll            |     2 |       ||     2
       Potion            |       |     1 ||     1
  Eat: Chunk             |     3 |       ||     3
Armor: Robe              |    16 |       ||    16
Dodge: Dodged            |    52 |    12 ||    64

Table legend:
 A = Non-vault XP
 B = Vault XP
 C = Vault XP percentage of total XP
 D = Non-vault monster count
 E = Vault monster count
 F = Vault count percentage of total count
                 A         B        C        D         E       F
            +---------+---------+-------+---------+---------+-------
      Total |      80 |       9 |  10.1 |      30 |       7 |  18.9
            +---------+---------+-------+---------+---------+-------
        D:1 |      41 |       0 |   0.0 |      23 |       0 |   0.0
        D:2 |      39 |       9 |  18.8 |       7 |       7 |  50.0
            +---------+---------+-------+---------+---------+-------
